AoeStats
← Tomeš

Black Forest

507934659Analyzed
2v2 RM · 13d ago on Sep 20, 2026· 48m 21s· 4 players
Game mode
Random Map
Map size
Medium (4 player)
Population
200
Speed
Normal
Resources
Standard
Victory
Conquest
Starting age
Dark Age
Ending age
Imperial Age
RankedLock teamsTeams togetherTeam positionsShared explorationLock speedFull tech treeHidden civsTurbo modeCheats
Victory
Defeat
🇳🇮 Gurjaras · Nicaragua
925
+19
🇬🇹 Burgundians · Guatemala
925
+19
🇨🇿 Bohemians · Czechia
1000
-59
🇨🇿 Vietnamese · Czechia
1000
-59
DrJan
3:31 Loom
13:08 Feudal Age
13:39 Double-Bit Axe
18:23 Castle Age
17:25 Horse Collar
19:05 Scale Barding Armor
19:10 Forging
19:44 Town Watch
21:25 Bow Saw
21:19 Heavy Plow
25:28 Bloodlines
29:58 Gold Mining
31:12 Kshatriyas
35:53 Imperial Age
34:43 Gold Shaft Mining
34:47 Wheelbarrow
35:18 Bloodlines
35:09 Husbandry
36:17 Iron Casting
36:02 Chain Barding Armor
36:07 Elite Shrivamsha Rider
37:43 Conscription
38:48 Plate Barding Armor
39:14 Elite Chakram Thrower
40:02 Scale Mail Armor
42:38 Chain Mail Armor
43:55 Plate Mail Armor
maestro.skippy
1:29 Loom
13:36 Feudal Age
12:07 Double-Bit Axe
12:12 Horse Collar
13:29 Gold Mining
16:18 Heavy Plow
17:31 Bow Saw
20:53 Castle Age
21:08 Forging
21:05 Scale Barding Armor
21:11 Caravan
21:09 Stone Mining
21:55 Gold Shaft Mining
22:11 Gold Shaft Mining
21:40 Husbandry
24:40 Stone Shaft Mining
25:17 Wheelbarrow
24:28 Town Watch
26:36 Two-Man Saw
26:21 Hand Cart
26:58 Treadmill Crane
28:34 Iron Casting
29:18 Fortified Wall
29:21 Masonry
31:08 Burgundian Vineyards
34:23 Fletching
39:29 Imperial Age
36:58 Bodkin Arrow
37:26 Chain Barding Armor
39:33 Elite Coustillier
40:36 Conscription
40:46 Conscription
39:54 Onager
41:49 Blast Furnace
41:25 Plate Barding Armor
42:28 Chemistry
41:56 Ballistics
42:18 Bracer
Hellgast16
11:47 Feudal Age
12:10 Horse Collar
12:49 Double-Bit Axe
16:36 Gold Mining
17:26 Wheelbarrow
19:36 Fletching
19:48 Padded Archer Armor
24:25 Castle Age
22:48 Stone Mining
24:35 Scale Mail Armor
25:24 Bow Saw
25:17 Heavy Plow
24:55 Crossbowman
25:49 Thumb Ring
26:25 Hand Cart
28:08 Stone Shaft Mining
31:48 Loom
39:32 Imperial Age
39:53 Elite Fire Lancer
42:01 Paper Money
41:49 Arbalester
48:32 Leather Archer Armor
48:13 Bodkin Arrow
Tomeš
5:06 Loom
13:20 Feudal Age
14:09 Horse Collar
14:17 Double-Bit Axe
15:22 Wheelbarrow
21:43 Castle Age
21:19 Town Watch
22:05 Crossbowman
22:44 Fletching
24:49 Heavy Plow
25:03 Bow Saw
27:29 Scale Mail Armor
30:26 Pikeman
31:31 Forging
31:17 Bodkin Arrow
33:00 Squires
33:37 Ballistics
35:01 Chemistry
35:07 Hand Cart
39:44 Imperial Age
40:16 Chain Mail Armor
40:00 Arbalester
42:45 Two-Man Saw
41:57 Halberdier
43:18 Bracer
44:08 Iron Casting
Connection lost

Rejoining the realm…

Still unreachable

The connection could not be restored.

Session expired

The server has moved on; the page needs a fresh start.